 Dungeon Sprint DCSS version 0.22-a0-181-gb22368a (console) character file.

0 removed the Sneak (level 2, 0/21 HPs)
             Began as a Gnoll Enchanter on Feb 14, 2018.
             Was an Initiate of Makhleb.
             Slain by a gnoll shaman
             ... wielding a cursed -2 club
              (7 damage)
             ... in the Dungeon (Sprint VI: "Thunderdome").
             The game lasted 00:00:43 (53 turns).

removed the Sneak (Gnoll Enchanter)                   Turns: 53, Time: 00:00:43

Health: 0/21       AC:  2    Str: 10    XL:     2   Next: 16%
Magic:  8/8        EV: 15    Int: 17    God:    Makhleb [......]
Gold:   200        SH:  0    Dex: 15    Spells: 10/11 levels left

rFire    . . .     SeeInvis .   a - +1 dagger
rCold    . . .     Gourm    .   (no shield)
rNeg     . . .     Faith    .   b - +0 robe
rPois    .         Spirit   .   (no helmet)
rElec    .         Reflect  .   (no cloak)
rCorr    .         Harm     .   (no gloves)
MR       .....     NoTele   +   (no boots)
Stlth    ++........             (no amulet)
HPRegen  0.07/turn              (no ring)
MPRegen  0.11/turn              (no ring)

@: glowing
A: distributed training, fangs 1, strong nose
a: Renounce Religion


You were in the Dungeon.
You worshipped Makhleb.
Makhleb was noncommittal.
You were not hungry.

You visited 1 branch You collected 200 gold pieces.

Inventory:

Hand Weapons
 a - a +1 dagger (weapon)
Armour
 b - a +0 robe (worn)
Wands
 l - a wand of acid (5)
 m - a wand of iceblast (2)
Scrolls
 j - 4 scrolls of blinking
 n - 3 scrolls of fog
Potions
 e - a potion of curing
 f - 4 potions of heal wounds
 g - 4 potions of haste
 h - 2 potions of magic
 i - a potion of berserk rage
 k - a potion of resistance
Books
 c - a book of Maledictions

   Spells                             Type                      Level
   a - Corona                         Hexes                        1
   b - Ensorcelled Hibernation        Hexes/Ice                    2
   c - Confuse                        Hexes                        3
   d - Tukima's Dance                 Hexes                        3
   e - Dazzling Spray                 Conjuration/Hexes            3
Comestibles
 d - a ration


   Skills:
 + Level 1.1 Fighting
 + Level 2.7 Short Blades
 + Level 1.1 Long Blades
 + Level 1.1 Axes
 + Level 1.1 Maces & Flails
 + Level 1.1 Polearms
 + Level 1.1 Staves
 + Level 1.1 Slings
 + Level 1.1 Bows
 + Level 1.1 Crossbows
 + Level 1.1 Throwing
 + Level 1.1 Armour
 + Level 4.6 Dodging
 + Level 6.0 Stealth
 + Level 1.1 Shields
 + Level 1.1 Unarmed Combat
 + Level 5.1 Spellcasting
 + Level 0.9 Conjurations
 + Level 5.4 Hexes
 + Level 0.9 Charms
 + Level 0.9 Summonings
 + Level 0.9 Necromancy
 + Level 0.9 Translocations
 + Level 0.9 Transmutations
 + Level 0.9 Fire Magic
 + Level 0.9 Ice Magic
 + Level 0.9 Air Magic
 + Level 0.9 Earth Magic
 + Level 0.9 Poison Magic
 + Level 1.2 Invocations
 + Level 1.1 Evocations


You had 10 spell levels left.
You knew the following spells:

 Your Spells              Type           Power        Failure   Level  Hunger
a - Corona                Hex            ###....      1%          1    None


Dungeon Overview and Level Annotations

Branches:
Dungeon (1/1)

Altars:
Cheibriados
Dithmenos
Fedhas
Gozag
Kikubaaqudgha
Makhleb
Okawaru
Qazlal
Ru
Sif Muna
Trog
Uskayaw
Vehumet
Wu Jian
Xom
Yredelemnul
Zin
The Shining One
Beogh
Jiyva
Lugonu

Shops:
D *[%??*?*:[((!!!!


Innate Abilities, Weirdness & Mutations

Your experience applies equally to all skills.
You have very sharp teeth.
Your uncanny sense of smell can sniff out nearby items.


Message History

The gnoll shaman is almost dead.
Unknown command.
You closely miss the gnoll shaman.
The gnoll shaman is almost dead.
The gnoll shaman invokes the aid of its god against you.
You resist with significant effort.
Unknown command.
You closely miss the gnoll shaman. Your bite misses the gnoll shaman.
The gnoll shaman is almost dead.
The gnoll shaman calls down the wrath of its god upon you.
You are outlined in light.
Unknown command.
You hit the gnoll shaman but do no damage.
The gnoll shaman is almost dead.
The gnoll shaman hits you with a club.
Unknown command.
You hit the gnoll shaman but do no damage.
The gnoll shaman is almost dead.
The gnoll shaman hits you with a club!
You die...

#∩.......∩# #_........#
#_......._# #_......._#
###.........###
#⌠...........⌠#
######.8.........8.######
#∩___......###......_._∩#
∩.......@8.# #.8........∩
........g..###...........
........###...###........
........# #.<.# #........
........###...###........
...........###...........
∩........8.# #.8........∩
#∩___......###......___∩#
######.8.........8.######


You could see a gnoll shaman.

Vanquished Creatures
  A gnoll (D)
1 creature vanquished.

Notes
Turn   | Place    | Note
-------+----------+-------------------------------------------
     0 | D        | removed the Gnoll Enchanter began the quest for the Orb.
     0 | D        | Reached XP level 1. HP: 13/13 MP: 6/6
     0 | D        | Found a stormy altar of Qazlal.
     0 | D        | Found a shadowy altar of Dithmenos.
     4 | D        | Found a basalt altar of Yredelemnul.
     4 | D        | Found a radiant altar of Vehumet.
     5 | D        | Found a glowing golden altar of the Shining One.
     5 | D        | Round 1.
     6 | D        | Found an iron altar of Okawaru.
     6 | D        | Found an ancient bone altar of Kikubaaqudgha.
     7 | D        | Found Cyazomo's Identification Station.
     7 | D        | Found a shimmering altar of Xom.
     7 | D        | Found a snail-covered altar of Cheibriados.
     7 | D        | Found Muceer's Delicious Food.
    10 | D        | Found a deep blue altar of Sif Muna.
    10 | D        | Found a corrupted altar of Lugonu.
    10 | D        | Found Xedd's Premium Goods.
    10 | D        | Found Tetiddif's Weapon Rack.
    11 | D        | Found Viycait's Miscellaneous Merchandise.
    11 | D        | Found Kiattyst's Basic Armour.
    13 | D        | Found a burning altar of Makhleb.
    14 | D        | Found a viscous altar of Jiyva.
    15 | D        | Found a roughly hewn altar of Beogh.
    16 | D        | Found Siashe's Do-It-Yourself Clinic.
    17 | D        | Found Adaej's Bottled Wisdom.
    17 | D        | Found Agethuy's Distillery.
    17 | D        | Found an opulent altar of Gozag.
    17 | D        | Found a sacrificial altar of Ru.
    17 | D        | Found Xineetz's Distillery.
    21 | D        | Became a worshipper of Makhleb the Destroyer
    26 | D        | Found a hide-covered altar of Uskayaw.
    27 | D        | Found an ornate altar of the Wu Jian Council.
    29 | D        | Found a bloodstained altar of Trog.
    29 | D        | Found a blossoming altar of Fedhas.
    29 | D        | Found a glowing silver altar of Zin.
    29 | D        | Found Dush's Staff Store.
    29 | D        | Found Nimocwa's Magic Scroll Shop.
    30 | D        | Found Seffeczewo's Must-Have Magic.
    30 | D        | Found Nis Dips's Magic Scroll Shop.
    33 | D        | Reached skill level 1 in Fighting
    33 | D        | Reached skill level 1 in Long Blades
    33 | D        | Reached skill level 1 in Axes
    33 | D        | Reached skill level 1 in Maces & Flails
    33 | D        | Reached skill level 1 in Polearms
    33 | D        | Reached skill level 1 in Staves
    33 | D        | Reached skill level 1 in Slings
    33 | D        | Reached skill level 1 in Bows
    33 | D        | Reached skill level 1 in Crossbows
    33 | D        | Reached skill level 1 in Throwing
    33 | D        | Reached skill level 1 in Armour
    33 | D        | Reached skill level 6 in Stealth
    33 | D        | Reached skill level 1 in Shields
    33 | D        | Reached skill level 1 in Unarmed Combat
    33 | D        | Reached skill level 5 in Spellcasting
    33 | D        | Reached skill level 1 in Invocations
    33 | D        | Reached skill level 1 in Evocations
    33 | D        | Reached XP level 2. HP: 21/21 MP: 8/8
    41 | D        | Found Ossueg's Jewellery.
    41 | D        | Found Mowniuze's Advanced Armour.
    53 | D        | Slain by a gnoll shaman

Vault maps used:
D:        arena_sprint

Skill      XL: |  1 |
---------------+----+-----
Fighting       | 1 |  1.1
Long Blades    | 1 |  1.1
Axes           | 1 |  1.1
Maces & Flails | 1 |  1.1
Polearms       | 1 |  1.1
Staves         | 1 |  1.1
Slings         | 1 |  1.1
Bows           | 1 |  1.1
Crossbows      | 1 |  1.1
Throwing       | 1 |  1.1
Armour         | 1 |  1.1
Stealth        | 6 |  6.0
Shields        | 1 |  1.1
Unarmed Combat | 1 |  1.1
Spellcasting   | 5 |  5.1
Invocations    | 1 |  1.2
Evocations     | 1 |  1.1
Short Blades   | |  2.7
Dodging        | |  4.6
Conjurations   | |  0.9
Hexes          | |  5.4
Charms         | |  0.9
Summonings     | |  0.9
Necromancy     | |  0.9
Translocations | |  0.9
Transmutations | |  0.9
Fire Magic     | |  0.9
Ice Magic      | |  0.9
Air Magic      | |  0.9
Earth Magic    | |  0.9
Poison Magic   | |  0.9

Action                   || total
-------------------------++-------
Melee: Dagger            ||    10
Evoke: Wand              ||     3
Dodge: Dodged            ||     2

Table legend:
 A = Spawn XP
 B = Non-spawn XP
 C = Spawn XP percentage of total XP
 D = Spawn monster count
 E = Non-spawn monster count
 F = Spawn count percentage of total count
 G = Total turns spent on level
                    A         B        C        D         E        F      G
               +---------+---------+-------+---------+---------+-------+---------
         Total |       0 |      14 |   0.0 |       0 |       1 |   0.0 |    53
               +---------+---------+-------+---------+---------+-------+---------
             D |       0 |      14 |   0.0 |       0 |       1 |   0.0 |    53
               +---------+---------+-------+---------+---------+-------+---------
